Condors vs Heat

Created - Saturday, November 21, 2015 at 02:47

Goals
1 2 3 T
Condors 0 1 0 1
Heat 0 1 2 3
Shots
1 2 3 T
Condors 9 7 11 27
Heat 9 10 5 24

1st period

No Goal

Penalties :
Steven Kampfer (BAK) for Hooking (Minor) at 8:44

2nd period

1. Condors , Michael Chaput 2 (Ryan Stanton) at 13:57
2. Heat , Chris Tierney 10 (Stephane Veilleux) at 18:31 (PP)

Penalties :
Daniel New (BAK) for Roughing (Minor) at 4:58, Konrad Abeltshauser (STO) for Fighting (Major) at 7:42, Michael Chaput (BAK) for Fighting (Major) at 7:42, Rob Bordson (BAK) for Roughing (Minor) at 18:27

3rd period

3. Heat , Chris Tierney 11 (Stephane Veilleux, Matt Ellis) at 4:39 (PP)
4. Heat , Chris Tierney 12 (Tyson Strachan, Stephane Veilleux) at 6:59 (PP)

Penalties :
Tommy Cross (BAK) for Holding (Minor) at 4:25, Reid Boucher (BAK) for Holding (Minor) at 6:51, Corey Potter (STO) for Fighting (Major) at 8:02, Michael Chaput (BAK) for Fighting (Major) at 8:02

Goalie Stats

Ray Emery (BAK), 21 saves from 24 shots - (0.875), L, 10-5-3, 60:00 minutes
Michael Leighton (STO), 26 saves from 27 shots - (0.963), W, 13-1-1, 60:00 minutes

Players Stats for Condors

Player Name              G  A  P  +/- PIM S  H  SB GA TA FO     MP     PP MP  PK MP  
------------------------------------------------------------------------------------
Anthony Bitetto          0  0  0   1  0   0  1  2  0  1  0/0    21:23   0:00   4:10 
Bill Arnold              0  0  0   0  0   3  1  0  0  0  4/8    15:25   0:00   0:00 
Daniel New               0  0  0   0  2   0  2  0  0  0  0/0     7:09   0:00   0:00 
Jeremie Blain            0  0  0   0  0   0  2  0  0  1  0/0    14:51   0:00   0:14 
John Negrin              0  0  0   0  0   1  0  2  0  0  0/0    17:38   0:00   2:13 
Ken Agostino             0  0  0   0  0   2  1  1  1  0  0/0    15:03   0:00   1:09 
Kris Newbury             0  0  0   1  0   2  4  3  2  0  4/8    20:40   0:00   1:16 
Michael Chaput           1  0  1   1  10  4  4  0  2  0  0/0    14:40   0:00   0:00 
Michael Mersch           0  0  0   0  0   0  0  0  0  0  0/0     0:00   0:00   0:00 
Pat Cannone              0  0  0   0  0   2  0  1  4  0  5/6    16:07   0:00   0:00 
Reid Boucher             0  0  0   0  2   0  3  0  0  0  0/1    21:42   0:00   1:59 
Rob Bordson              0  0  0   1  2   1  0  0  0  0  0/1    19:01   0:00   0:00 
Ryan Stanton             0  1  1   0  0   4  2  1  1  1  0/0    18:12   0:00   0:00 
Steven Kampfer           0  0  0   1  2   2  2  2  2  2  0/0    25:20   0:00   2:11 
Teemu Pulkkinen          0  0  0   0  0   3  1  0  2  3  1/6    14:55   0:00   3:08 
Tommy Cross              0  0  0   0  2   1  2  1  0  0  0/0    17:48   0:00   0:00 
Turner Elson             0  0  0   0  0   0  0  0  1  2  0/0    13:16   0:00   0:00 
Tyler Graovac            0  0  0   0  0   2  2  0  2  0  5/9    22:19   0:00   1:16 

Players Stats for Heat

Player Name              G  A  P  +/- PIM S  H  SB GA TA FO     MP     PP MP  PK MP  
------------------------------------------------------------------------------------
Andre Burakovsky         0  0  0  -1  0   1  0  1  5  0  1/1    18:01   2:09   0:00 
Bogdan Yakimov           0  0  0   0  0   1  1  0  0  0  3/9    16:20   0:00   0:00 
Brenden Kichton          0  0  0   0  0   2  0  0  0  1  0/0    19:18   2:19   0:00 
Chris Tierney            3  0  3   0  0   7  0  2  0  1  10/13  18:40   2:15   0:00 
Corey Potter             0  0  0   0  5   1  0  1  0  0  0/0    14:07   0:00   0:00 
Eric Boulton             0  0  0   0  0   0  0  0  0  0  0/0     0:00   0:00   0:00 
J.T. Miller              0  0  0  -1  0   2  0  0  4  1  6/11   21:37   2:09   0:00 
Johan Larsson            0  0  0  -1  0   1  1  0  1  0  0/1    17:21   2:09   0:00 
Konrad Abeltshauser      0  0  0  -1  5   0  2  0  0  0  0/0    15:21   0:00   0:00 
Lucas Lessio             0  0  0   0  0   0  2  0  1  0  0/0     8:49   0:00   0:00 
Matt Ellis               0  1  1   0  0   0  1  0  1  1  0/0    18:40   2:15   0:00 
Max Reinhart             0  0  0   0  0   0  0  0  2  1  0/1    16:20   0:00   0:00 
Michael Ferland          0  0  0   0  0   1  6  1  0  0  0/0    16:43   0:00   0:00 
Ryan Murphy              0  0  0   0  0   2  1  0  1  1  0/0    24:41   2:05   0:00 
Stephane Veilleux        0  3  3   0  0   2  5  3  2  0  0/0    18:40   2:15   0:00 
Tyler Pitlick            0  0  0   0  0   0  3  0  0  0  0/3     8:49   0:00   0:00 
Tyler Wotherspoon        0  0  0  -1  0   1  1  0  0  0  0/0    22:29   2:19   0:00 
Tyson Strachan           0  1  1   0  0   3  2  3  1  2  0/0    24:02   2:05   0:00 

3 Stars

1 - Chris Tierney (STO)
2 - Stephane Veilleux (STO)
3 - Michael Leighton (STO)

Power Play

Condors - 0 on 0 Attempt(s) - 0.00%
Heat - 3 on 5 Attempt(s) - 60.00%

Penalty Kill

Condors - 2 on 5 Attempt(s) - 40.00% - Score 0 goal in Penalty Kill
Heat - 0 on 0 Attempt(s) - 0.00% - Score 0 goal in Penalty Kill

Team Stat

Condors - Hits : 27 - Faceoff Wins : 19 - Blocked Shots : 13 - Penalty Minutes : 20
Heat - Hits : 25 - Faceoff Wins : 20 - Blocked Shots : 11 - Penalty Minutes : 10

Official

Referees : Unknown
Linesman : Unknown

Game Notes

Michael Chaput beats up Konrad Abeltshauser at 7:42 of 2nd period
Chris Tierney has scored a Hat Trick!
Michael Chaput beats up Corey Potter at 8:02 of 3rd period

Finance

Level 1 -- Attendance: 1587 (79.35%) -- Ticket Income $50,784
Level 2 -- Attendance: 810 (81.00%) -- Ticket Income $9,720
Total Attendance: 2397 (79.90%)
Total Ticket Income: $60,504
Other Income: $29,647
Total Income: $90,151

Condors

5 vs 5 Forward 
   Center                   Left Wing                Right Wing               Time % Phy DF OF 
 1 Tyler Graovac            Teemu Pulkkinen          Reid Boucher             35     1   2  2  
 2 Kris Newbury             Rob Bordson              Michael Chaput           30     1   2  2  
 3 Pat Cannone              Ken Agostino             Reid Boucher             22     1   2  2  
 4 Bill Arnold              Turner Elson             Tyler Graovac            13     1   2  2  

5 vs 5 Defense 
   Defense                  Defense                                           Time % Phy DF OF 
 1 Steven Kampfer           Anthony Bitetto                                   35     1   2  2  
 2 Tommy Cross              Ryan Stanton                                      30     1   2  2  
 3 Jeremie Blain            John Negrin                                       22     1   2  2  
 4 Daniel New               Steven Kampfer                                    13     1   2  2  

PowerPlay Forward 
   Center                   Left Wing                Right Wing               Time % Phy DF OF 
 1 Tyler Graovac            Pat Cannone              Reid Boucher             60     1   2  2  
 2 Kris Newbury             Rob Bordson              Ken Agostino             40     1   2  2  

PowerPlay Defense
   Defense                  Defense                                           Time % Phy DF OF 
 1 Steven Kampfer           Anthony Bitetto                                   60     1   2  2  
 2 Tommy Cross              Daniel New                                        40     1   2  2  

Penalty Kill 4 Players Forward 
   Center                   Wing                     Time % Phy DF OF 
 1 Teemu Pulkkinen          Reid Boucher             60     1   2  2  
 2 Tyler Graovac            Kris Newbury             40     1   2  2  

Penalty Kill 4 Players Defense
   Defense                  Defense                  Time % Phy DF OF 
 1 Steven Kampfer           Anthony Bitetto          60     1   2  2  
 2 Tommy Cross              Jeremie Blain            40     1   2  2  

Penalty Kill - 3 Players Forward 
   Forward                                           Time % Phy DF OF 
 1 Tyler Graovac                                     60     1   2  2  
 2 Reid Boucher                                      40     1   2  2  

Penalty Kill - 3 Players Defense
   Defense                  Defense                  Time % Phy DF OF 
 1 Steven Kampfer           Anthony Bitetto          60     1   2  2  
 2 Tommy Cross              Jeremie Blain            40     1   2  2  

4 vs 4 Forward 
   Center                   Wing                     Time % Phy DF OF 
 1 Pat Cannone              Reid Boucher             60     1   2  2  
 2 Tyler Graovac            Kris Newbury             40     1   2  2  

4 vs 4 Defense
   Defense                  Defense                  Time % Phy DF OF 
 1 Steven Kampfer           Anthony Bitetto          60     1   2  2  
 2 Tommy Cross              John Negrin              40     1   2  2  

Last Minutes Offensive
   Center                   Left Wing                Right Wing               Defense                  Defense                  
   Tyler Graovac            Teemu Pulkkinen          Reid Boucher             Steven Kampfer           Anthony Bitetto          

Last Minutes Defensive
   Center                   Left Wing                Right Wing               Defense                  Defense                  
   Tyler Graovac            Teemu Pulkkinen          Reid Boucher             Steven Kampfer           Anthony Bitetto          

Goaltenders
Starting : Ray Emery                
Backup : Joe Cannata              

Extra Forwards
Normal : Pat Cannone, Bill Arnold, Ken Agostino - PP : Pat Cannone, Bill Arnold - PK : Ken Agostino
Extra Defensemen
Normal : Jeremie Blain, John Negrin, Daniel New - PP : Jeremie Blain - PK : John Negrin, Daniel New
Penalty Shots
Bill Arnold, Reid Boucher, Tyler Graovac, Kris Newbury, Pat Cannone

Heat

5 vs 5 Forward 
   Center                   Left Wing                Right Wing               Time % Phy DF OF 
 1 J.T. Miller              Johan Larsson            Andre Burakovsky         35     1   2  2  
 2 Chris Tierney            Stephane Veilleux        Matt Ellis               28     1   2  2  
 3 Tyler Pitlick            Lucas Lessio             J.T. Miller              22     1   2  2  
 4 Bogdan Yakimov           Max Reinhart             Michael Ferland          15     1   2  2  

5 vs 5 Defense 
   Defense                  Defense                                           Time % Phy DF OF 
 1 Tyson Strachan           Ryan Murphy                                       35     1   2  2  
 2 Tyler Wotherspoon        Konrad Abeltshauser                               30     1   2  2  
 3 Corey Potter             Brenden Kichton                                   22     1   2  2  
 4 Tyson Strachan           Ryan Murphy                                       13     1   2  2  

PowerPlay Forward 
   Center                   Left Wing                Right Wing               Time % Phy DF OF 
 1 J.T. Miller              Johan Larsson            Andre Burakovsky         50     0   0  5  
 2 Chris Tierney            Stephane Veilleux        Matt Ellis               50     0   0  5  

PowerPlay Defense
   Defense                  Defense                                           Time % Phy DF OF 
 1 Tyson Strachan           Ryan Murphy                                       50     0   0  5  
 2 Tyler Wotherspoon        Brenden Kichton                                   50     0   0  5  

Penalty Kill 4 Players Forward 
   Center                   Wing                     Time % Phy DF OF 
 1 Bogdan Yakimov           Tyler Pitlick            50     0   5  0  
 2 Max Reinhart             Michael Ferland          50     0   5  0  

Penalty Kill 4 Players Defense
   Defense                  Defense                  Time % Phy DF OF 
 1 Konrad Abeltshauser      Corey Potter             50     0   5  0  
 2 Tyler Wotherspoon        Ryan Murphy              50     0   5  0  

Penalty Kill - 3 Players Forward 
   Forward                                           Time % Phy DF OF 
 1 Bogdan Yakimov                                    50     0   5  0  
 2 Max Reinhart                                      50     0   5  0  

Penalty Kill - 3 Players Defense
   Defense                  Defense                  Time % Phy DF OF 
 1 Tyler Wotherspoon        Tyson Strachan           50     0   5  0  
 2 Konrad Abeltshauser      Corey Potter             50     0   5  0  

4 vs 4 Forward 
   Center                   Wing                     Time % Phy DF OF 
 1 J.T. Miller              Johan Larsson            50     1   2  2  
 2 Chris Tierney            Lucas Lessio             50     1   2  2  

4 vs 4 Defense
   Defense                  Defense                  Time % Phy DF OF 
 1 Tyson Strachan           Ryan Murphy              50     1   2  2  
 2 Konrad Abeltshauser      Brenden Kichton          50     1   2  2  

Last Minutes Offensive
   Center                   Left Wing                Right Wing               Defense                  Defense                  
   J.T. Miller              Johan Larsson            Andre Burakovsky         Tyler Wotherspoon        Ryan Murphy              

Last Minutes Defensive
   Center                   Left Wing                Right Wing               Defense                  Defense                  
   Chris Tierney            Stephane Veilleux        Matt Ellis               Konrad Abeltshauser      Tyson Strachan           

Goaltenders
Starting : Michael Leighton         
Backup : Andrei Vasilevskiy       

Extra Forwards
Normal : Johan Larsson, Chris Tierney, Michael Ferland - PP : J.T. Miller, Chris Tierney - PK : Michael Ferland
Extra Defensemen
Normal : Corey Potter, Brenden Kichton, Tyler Wotherspoon - PP : Corey Potter - PK : Brenden Kichton, Tyler Wotherspoon
Penalty Shots
J.T. Miller, Johan Larsson, Stephane Veilleux, Lucas Lessio, Andre Burakovsky

% Time on Ice - Condors

Lines # - Real PCT - Wanted PCT - Time Play
Normal Forward
1 - 21% - 35% - 11:26
2 - 34% - 30% - 19:02
3 - 21% - 22% - 11:52
4 - 24% - 13% - 13:16
Normal Defense
1 - 31% - 35% - 17:13
2 - 32% - 30% - 17:49
3 - 24% - 22% - 13:33
4 - 13% - 13% - 7:01
PP Forward
1 - 0% - 60%
2 - 0% - 40%
PP Defense
1 - 0% - 60%
2 - 0% - 40%
PK Forward
1 - 71% - 60% - 3:08
2 - 29% - 40% - 1:16
PK Defense
1 - 95% - 60% - 4:10
2 - 5% - 40% - 0:14
PK3 Forward
1 - 0% - 60%
2 - 0% - 40%
PK3 Defense
1 - 0% - 60%
2 - 0% - 40%
44 Forward
1 - 0% - 60%
2 - 0% - 40%
44 Defense
1 - 0% - 60%
2 - 0% - 40%
Last Minute Offensive  - 0:00
Last Minute Defensive  - 0:00
Total
Forward - 60:00
Defense - 60:00

% Time on Ice - Heat

Lines # - Real PCT - Wanted PCT - Time Play
Normal Forward
1 - 25% - 35% - 14:02
2 - 30% - 28% - 16:25
3 - 16% - 22% - 8:49
4 - 29% - 15% - 16:20
Normal Defense
1 - 32% - 35% - 17:49
2 - 32% - 30% - 17:56
3 - 28% - 22% - 15:43
4 - 7% - 13% - 4:08
PP Forward
1 - 49% - 50% - 2:09
2 - 51% - 50% - 2:15
PP Defense
1 - 47% - 50% - 2:05
2 - 53% - 50% - 2:19
PK Forward
1 - 0% - 50%
2 - 0% - 50%
PK Defense
1 - 0% - 50%
2 - 0% - 50%
PK3 Forward
1 - 0% - 50%
2 - 0% - 50%
PK3 Defense
1 - 0% - 50%
2 - 0% - 50%
44 Forward
1 - 0% - 50%
2 - 0% - 50%
44 Defense
1 - 0% - 50%
2 - 0% - 50%
Last Minute Offensive  - 0:00
Last Minute Defensive  - 0:00
Total
Forward - 60:00
Defense - 60:00

Play by Play

1st period


0:01 of 1st period - J.T. Miller wins face-off versus Reid Boucher in neutral zone.
0:12 of 1st period - Wrist shot by Teemu Pulkkinen.
0:12 of 1st period - Shot Misses the Net.
0:14 of 1st period - Wrist shot by Steven Kampfer.
0:14 of 1st period - Stopped by Michael Leighton without a rebound.
0:15 of 1st period - Tyler Graovac wins face-off versus J.T. Miller in Heat zone.
0:16 of 1st period - Snap shot by Teemu Pulkkinen.
0:16 of 1st period - Deflect By Tyler Graovac.
0:16 of 1st period - Stopped by Michael Leighton with a rebound.
0:18 of 1st period - Wrist shot by Steven Kampfer.
0:18 of 1st period - Stopped by Michael Leighton without a rebound.
0:19 of 1st period - Tyler Graovac wins face-off versus J.T. Miller in Heat zone.
0:20 of 1st period - Wrist shot by Teemu Pulkkinen.
0:20 of 1st period - Stopped by Michael Leighton with a rebound.
0:48 of 1st period - Wrist shot by Tyler Graovac.
0:48 of 1st period - Deflect By Teemu Pulkkinen.
0:48 of 1st period - Shot Blocked by Tyson Strachan.
0:48 of 1st period - Puck is out of play.
0:49 of 1st period - Chris Tierney wins face-off versus Kris Newbury in Heat zone.
1:22 of 1st period - Wrist shot by Kris Newbury.
1:22 of 1st period - Shot Blocked by Stephane Veilleux.
1:24 of 1st period - Slapshot by Ryan Stanton.
1:24 of 1st period - Stopped by Michael Leighton with a rebound.
1:44 of 1st period - Bogdan Yakimov is hit by Tommy Cross and loses puck.
1:53 of 1st period - Bogdan Yakimov is hit by Reid Boucher.
2:12 of 1st period - Icing by Corey Potter.
2:13 of 1st period - Bill Arnold wins face-off versus Max Reinhart in Heat zone.
2:14 of 1st period - Wrist shot by Tyler Graovac.
2:14 of 1st period - Shot Misses the Net.
3:11 of 1st period - Steven Kampfer is hit by Tyler Pitlick and loses puck.
4:05 of 1st period - Backhand shot by Stephane Veilleux.
4:05 of 1st period - Shot Misses the Net.
4:07 of 1st period - Slapshot by Tyler Wotherspoon.
4:07 of 1st period - Shot Misses the Net.
4:09 of 1st period - Slapshot by Stephane Veilleux.
4:09 of 1st period - Stopped by Ray Emery without a rebound.
4:10 of 1st period - Pat Cannone wins face-off versus Chris Tierney in Condors zone.
4:25 of 1st period - Snap shot by Chris Tierney.
4:25 of 1st period - Shot Blocked by Ken Agostino.
4:27 of 1st period - Slapshot by Tyler Wotherspoon.
4:27 of 1st period - Deflect By Chris Tierney.
4:27 of 1st period - Stopped by Ray Emery with a rebound.
4:29 of 1st period - Slapshot by Konrad Abeltshauser.
4:29 of 1st period - Shot Blocked by Steven Kampfer.
6:11 of 1st period - Snap shot by Ken Agostino.
6:11 of 1st period - Stopped by Michael Leighton with a rebound.
6:13 of 1st period - Wrist shot by Pat Cannone.
6:13 of 1st period - Stopped by Michael Leighton without a rebound.
6:14 of 1st period - Pat Cannone wins face-off versus Bogdan Yakimov in Heat zone.
6:27 of 1st period - Snap shot by Steven Kampfer.
6:27 of 1st period - Shot Misses the Net.
6:41 of 1st period - Tyler Wotherspoon is hit by Steven Kampfer and loses puck.
6:52 of 1st period - Slapshot by Ryan Stanton.
6:52 of 1st period - Shot Misses the Net.
6:54 of 1st period - Wrist shot by Ryan Stanton.
6:54 of 1st period - Shot Misses the Net.
7:35 of 1st period - Off-side.
7:36 of 1st period - Bill Arnold wins face-off versus Tyler Pitlick in neutral zone.
8:12 of 1st period - Icing by Kris Newbury.
8:13 of 1st period - Chris Tierney wins face-off versus Kris Newbury in Condors zone.
8:34 of 1st period - Matt Ellis is hit by Ken Agostino and loses puck.
8:44 of 1st period - Minor Penalty to Steven Kampfer for Hooking.
8:45 of 1st period - J.T. Miller wins face-off versus Teemu Pulkkinen in Condors zone.
8:52 of 1st period - Snap shot by Johan Larsson.
8:52 of 1st period - Stopped by Ray Emery with a rebound.
8:54 of 1st period - Slapshot by Tyson Strachan.
8:54 of 1st period - Stopped by Ray Emery with a rebound.
10:31 of 1st period - Slapshot by Ryan Murphy.
10:31 of 1st period - Stopped by Ray Emery with a rebound.
10:44 of 1st period - Penalty to Steven Kampfer is over, Steven Kampfer is back on ice.
11:11 of 1st period - Reid Boucher is hit by Konrad Abeltshauser and loses puck.
11:22 of 1st period - Steven Kampfer is hit by Bogdan Yakimov and loses puck.
11:27 of 1st period - Snap shot by Michael Ferland.
11:27 of 1st period - Stopped by Ray Emery without a rebound.
11:28 of 1st period - Kris Newbury wins face-off versus Tyler Pitlick in Condors zone.
12:06 of 1st period - Snap shot by Bill Arnold.
12:06 of 1st period - Stopped by Michael Leighton with a rebound.
12:08 of 1st period - Slapshot by Ryan Stanton.
12:08 of 1st period - Shot Blocked by Michael Ferland.
12:26 of 1st period - Bogdan Yakimov is hit by Tommy Cross and loses puck.
12:49 of 1st period - Wrist shot by Pat Cannone.
12:49 of 1st period - Shot Misses the Net.
12:51 of 1st period - Slapshot by Daniel New.
12:51 of 1st period - Shot Misses the Net.
12:53 of 1st period - Slapshot by Steven Kampfer.
12:53 of 1st period - Shot Blocked by Tyson Strachan.
12:55 of 1st period - Slapshot by Steven Kampfer.
12:55 of 1st period - Shot Misses the Net.
13:17 of 1st period - Matt Ellis is hit by Daniel New.
13:47 of 1st period - Kris Newbury is hit by Stephane Veilleux and loses puck.
14:26 of 1st period - Rob Bordson is hit by Tyler Pitlick.
14:32 of 1st period - Snap shot by Lucas Lessio.
14:32 of 1st period - Shot Blocked by Kris Newbury.
14:34 of 1st period - Slapshot by Corey Potter.
14:34 of 1st period - Stopped by Ray Emery with a rebound.
15:06 of 1st period - Slapshot by Ryan Murphy.
15:06 of 1st period - Stopped by Ray Emery with a rebound.
15:39 of 1st period - Snap shot by Ken Agostino.
15:39 of 1st period - Shot Blocked by Tyson Strachan.
15:42 of 1st period - Icing by Tyson Strachan.
15:43 of 1st period - J.T. Miller wins face-off versus Tyler Graovac in Heat zone.
16:00 of 1st period - Snap shot by Bill Arnold.
16:00 of 1st period - Stopped by Michael Leighton with a rebound.
16:28 of 1st period - Snap shot by Tyler Pitlick.
16:28 of 1st period - Shot Misses the Net.
17:10 of 1st period - Max Reinhart is hit by Tyler Graovac and loses puck.
17:36 of 1st period - Wrist shot by Chris Tierney.
17:36 of 1st period - Shot Blocked by Pat Cannone.
17:38 of 1st period - Wrist shot by Chris Tierney.
17:38 of 1st period - Stopped by Ray Emery with a rebound.
17:40 of 1st period - Backhand shot by Matt Ellis.
17:40 of 1st period - Shot Blocked by John Negrin.
17:42 of 1st period - Snap shot by Tyson Strachan.
17:42 of 1st period - Deflect By Chris Tierney.
17:42 of 1st period - Shot Misses the Net.
17:42 of 1st period - Puck is out of play.
17:43 of 1st period - Chris Tierney wins face-off versus Bill Arnold in Condors zone.
17:44 of 1st period - Wrist shot by Stephane Veilleux.
17:44 of 1st period - Shot Misses the Net.
17:58 of 1st period - Slapshot by Tyler Graovac.
17:58 of 1st period - Shot Misses the Net.
18:25 of 1st period - Wrist shot by Tyler Pitlick.
18:25 of 1st period - Shot Misses the Net.
Goals for this period are 0 for Condors vs 0 for Heat.
Shots for this period are 9 for Condors vs 9 for Heat.

2nd period


0:01 of 2nd period - Tyler Graovac wins face-off versus J.T. Miller in neutral zone.
0:04 of 2nd period - Tyson Strachan is hit by Teemu Pulkkinen and loses puck.
0:09 of 2nd period - Snap shot by Steven Kampfer.
0:09 of 2nd period - Shot Misses the Net.
0:55 of 2nd period - Chris Tierney is hit by Kris Newbury.
1:15 of 2nd period - Stephane Veilleux is hit by Michael Chaput and loses puck.
1:23 of 2nd period - Off-side.
1:24 of 2nd period - Pat Cannone wins face-off versus Bogdan Yakimov in neutral zone.
1:56 of 2nd period - Jeremie Blain is hit by Michael Ferland and loses puck.
2:15 of 2nd period - John Negrin is hit by Lucas Lessio and loses puck.
2:55 of 2nd period - Matt Ellis is hit by Michael Chaput and loses puck.
3:14 of 2nd period - Wrist shot by Michael Chaput.
3:14 of 2nd period - Shot Hit the Post.
3:54 of 2nd period - Tyson Strachan is hit by Ryan Stanton and loses puck.
4:21 of 2nd period - Tyson Strachan is hit by Kris Newbury and loses puck.
4:58 of 2nd period - Minor Penalty to Daniel New for Roughing.
4:59 of 2nd period - Teemu Pulkkinen wins face-off versus Johan Larsson in Condors zone.
5:10 of 2nd period - Slapshot by Andre Burakovsky.
5:10 of 2nd period - Shot Misses the Net.
5:12 of 2nd period - Slapshot by Tyler Wotherspoon.
5:12 of 2nd period - Shot Blocked by Anthony Bitetto.
5:14 of 2nd period - Slapshot by Tyler Wotherspoon.
5:14 of 2nd period - Deflect By Andre Burakovsky.
5:14 of 2nd period - Stopped by Ray Emery without a rebound.
5:15 of 2nd period - Andre Burakovsky wins face-off versus Teemu Pulkkinen in Condors zone.
5:50 of 2nd period - Matt Ellis is hit by Reid Boucher and loses puck.
6:36 of 2nd period - Tyson Strachan is hit by Kris Newbury and loses puck.
6:43 of 2nd period - Snap shot by Chris Tierney.
6:43 of 2nd period - Shot Misses the Net.
6:45 of 2nd period - Snap shot by Matt Ellis.
6:45 of 2nd period - Deflect By Chris Tierney.
6:45 of 2nd period - Stopped by Ray Emery with a rebound.
6:47 of 2nd period - Snap shot by Matt Ellis.
6:47 of 2nd period - Shot Blocked by Kris Newbury.
6:58 of 2nd period - Penalty to Daniel New is over, Daniel New is back on ice.
7:42 of 2nd period - Michael Chaput beats up Konrad Abeltshauser.
7:42 of 2nd period - Penalty to Konrad Abeltshauser for Fighting.
7:42 of 2nd period - Penalty to Michael Chaput for Fighting.
7:43 of 2nd period - Bill Arnold wins face-off versus Bogdan Yakimov in Heat zone.
7:54 of 2nd period - Tyson Strachan is hit by Jeremie Blain.
8:34 of 2nd period - Tyler Graovac is hit by Stephane Veilleux and loses puck.
8:41 of 2nd period - Ryan Stanton is hit by Stephane Veilleux and loses puck.
8:57 of 2nd period - Slapshot by Ryan Stanton.
8:57 of 2nd period - Shot Misses the Net.
8:59 of 2nd period - Slapshot by Tommy Cross.
8:59 of 2nd period - Deflect By Kris Newbury.
8:59 of 2nd period - Stopped by Michael Leighton with a rebound.
9:01 of 2nd period - Slapshot by Ryan Stanton.
9:01 of 2nd period - Stopped by Michael Leighton with a rebound.
9:03 of 2nd period - Backhand shot by Kris Newbury.
9:03 of 2nd period - Stopped by Michael Leighton with a rebound.
9:05 of 2nd period - Snap shot by Rob Bordson.
9:05 of 2nd period - Stopped by Michael Leighton with a rebound.
9:32 of 2nd period - Snap shot by Pat Cannone.
9:32 of 2nd period - Stopped by Michael Leighton without a rebound.
9:33 of 2nd period - J.T. Miller wins face-off versus Pat Cannone in Heat zone.
10:31 of 2nd period - Wrist shot by Bogdan Yakimov.
10:31 of 2nd period - Shot Misses the Net.
10:33 of 2nd period - Slapshot by Brenden Kichton.
10:33 of 2nd period - Deflect By Kris Newbury.
10:33 of 2nd period - Stopped by Ray Emery with a rebound.
10:35 of 2nd period - Slapshot by Michael Ferland.
10:35 of 2nd period - Shot Blocked by Kris Newbury.
10:37 of 2nd period - Snap shot by Brenden Kichton.
10:37 of 2nd period - Stopped by Ray Emery with a rebound.
10:39 of 2nd period - Slapshot by Bogdan Yakimov.
10:39 of 2nd period - Shot Misses the Net.
10:41 of 2nd period - Snap shot by Bogdan Yakimov.
10:41 of 2nd period - Deflect By Steven Kampfer.
10:41 of 2nd period - Stopped by Ray Emery with a rebound.
11:07 of 2nd period - Wrist shot by J.T. Miller.
11:07 of 2nd period - Shot Misses the Net.
11:09 of 2nd period - Slapshot by Tyler Wotherspoon.
11:09 of 2nd period - Deflect By Steven Kampfer.
11:09 of 2nd period - Stopped by Ray Emery with a rebound.
11:45 of 2nd period - Wrist shot by Teemu Pulkkinen.
11:45 of 2nd period - Stopped by Michael Leighton without a rebound.
11:46 of 2nd period - Bogdan Yakimov wins face-off versus Bill Arnold in Heat zone.
12:35 of 2nd period - Matt Ellis is hit by Jeremie Blain and loses puck.
12:54 of 2nd period - Wrist shot by Tyler Pitlick.
12:54 of 2nd period - Shot Misses the Net.
13:02 of 2nd period - Tyson Strachan is hit by Reid Boucher and loses puck.
13:15 of 2nd period - Tyler Graovac is hit by Johan Larsson and loses puck.
13:26 of 2nd period - Teemu Pulkkinen is hit by Michael Ferland and loses puck.
13:57 of 2nd period - Snap shot by Michael Chaput.
13:57 of 2nd period - Goal by Michael Chaput - Condors : 1 - Heat : 0.
13:58 of 2nd period - Chris Tierney wins face-off versus Rob Bordson in neutral zone.
14:01 of 2nd period - Wrist shot by Stephane Veilleux.
14:01 of 2nd period - Shot Misses the Net.
14:49 of 2nd period - Snap shot by J.T. Miller.
14:49 of 2nd period - Shot Blocked by Tommy Cross.
15:11 of 2nd period - Steven Kampfer is hit by Michael Ferland.
15:31 of 2nd period - Bill Arnold is hit by Michael Ferland and loses puck.
15:54 of 2nd period - Icing by Pat Cannone.
15:55 of 2nd period - Pat Cannone wins face-off versus Chris Tierney in Condors zone.
15:55 of 2nd period - Pat Cannone is hit by Stephane Veilleux.
17:23 of 2nd period - Konrad Abeltshauser is hit by Michael Chaput and loses puck.
17:52 of 2nd period - Snap shot by J.T. Miller.
17:52 of 2nd period - Shot Blocked by Ryan Stanton.
18:27 of 2nd period - Minor Penalty to Rob Bordson for Roughing.
18:28 of 2nd period - Chris Tierney wins face-off versus Teemu Pulkkinen in Condors zone.
18:31 of 2nd period - Wrist shot by Chris Tierney.
18:31 of 2nd period - Goal by Chris Tierney - Condors : 1 - Heat : 1.
18:32 of 2nd period - Pat Cannone wins face-off versus J.T. Miller in neutral zone.
18:51 of 2nd period - Slapshot by Andre Burakovsky.
18:51 of 2nd period - Shot Hit the Post.
18:53 of 2nd period - Slapshot by J.T. Miller.
18:53 of 2nd period - Shot Blocked by Anthony Bitetto.
18:55 of 2nd period - Slapshot by Tyson Strachan.
18:55 of 2nd period - Stopped by Ray Emery with a rebound.
19:07 of 2nd period - Anthony Bitetto is hit by Stephane Veilleux and loses puck.
19:28 of 2nd period - Snap shot by Stephane Veilleux.
19:28 of 2nd period - Shot Misses the Net.
19:30 of 2nd period - Snap shot by Chris Tierney.
19:30 of 2nd period - Stopped by Ray Emery with a rebound.
19:32 of 2nd period - Snap shot by Stephane Veilleux.
19:32 of 2nd period - Shot Misses the Net.
19:34 of 2nd period - Wrist shot by Stephane Veilleux.
19:34 of 2nd period - Stopped by Ray Emery with a rebound.
Goals for this period are 1 for Condors vs 1 for Heat.
Shots for this period are 7 for Condors vs 10 for Heat.

3rd period


0:01 of 3rd period - J.T. Miller wins face-off versus Tyler Graovac in neutral zone.
0:24 of 3rd period - Wrist shot by Andre Burakovsky.
0:24 of 3rd period - Shot Misses the Net.
0:26 of 3rd period - Slapshot by Ryan Murphy.
0:26 of 3rd period - Shot Blocked by Steven Kampfer.
0:28 of 3rd period - Snap shot by J.T. Miller.
0:28 of 3rd period - Stopped by Ray Emery with a rebound.
0:30 of 3rd period - Slapshot by Tyson Strachan.
0:30 of 3rd period - Stopped by Ray Emery without a rebound.
0:31 of 3rd period - Chris Tierney wins face-off versus Kris Newbury in Condors zone.
0:52 of 3rd period - Wrist shot by Ryan Stanton.
0:52 of 3rd period - Shot Blocked by Chris Tierney.
0:54 of 3rd period - Backhand shot by Ryan Stanton.
0:54 of 3rd period - Shot Blocked by Stephane Veilleux.
0:56 of 3rd period - Slapshot by Ryan Stanton.
0:56 of 3rd period - Shot Misses the Net.
0:58 of 3rd period - Slapshot by Ryan Stanton.
0:58 of 3rd period - Shot Misses the Net.
1:02 of 3rd period - Wrist shot by Michael Chaput.
1:02 of 3rd period - Shot Misses the Net.
1:24 of 3rd period - Stephane Veilleux is hit by Ryan Stanton and loses puck.
1:39 of 3rd period - Slapshot by Steven Kampfer.
1:39 of 3rd period - Shot Blocked by Stephane Veilleux.
1:41 of 3rd period - Snap shot by Ken Agostino.
1:41 of 3rd period - Stopped by Michael Leighton without a rebound.
1:42 of 3rd period - J.T. Miller wins face-off versus Bill Arnold in Heat zone.
2:12 of 3rd period - Wrist shot by Tyler Graovac.
2:12 of 3rd period - Shot Misses the Net.
2:14 of 3rd period - Slapshot by Steven Kampfer.
2:14 of 3rd period - Deflect By Bill Arnold.
2:14 of 3rd period - Shot Blocked by Andre Burakovsky.
2:14 of 3rd period - Puck is out of play.
2:15 of 3rd period - Kris Newbury wins face-off versus Bogdan Yakimov in Heat zone.
2:20 of 3rd period - Wrist shot by Michael Chaput.
2:20 of 3rd period - Stopped by Michael Leighton without a rebound.
2:21 of 3rd period - Bogdan Yakimov wins face-off versus Kris Newbury in Heat zone.
2:32 of 3rd period - Snap shot by Michael Chaput.
2:32 of 3rd period - Stopped by Michael Leighton with a rebound.
2:34 of 3rd period - Slapshot by Rob Bordson.
2:34 of 3rd period - Shot Misses the Net.
2:36 of 3rd period - Snap shot by John Negrin.
2:36 of 3rd period - Shot Misses the Net.
2:38 of 3rd period - Slapshot by John Negrin.
2:38 of 3rd period - Deflect By Bogdan Yakimov.
2:38 of 3rd period - Stopped by Michael Leighton with a rebound.
2:40 of 3rd period - Snap shot by Michael Chaput.
2:40 of 3rd period - Stopped by Michael Leighton with a rebound.
2:42 of 3rd period - Snap shot by Rob Bordson.
2:42 of 3rd period - Shot Misses the Net.
3:24 of 3rd period - Tyler Graovac is hit by Konrad Abeltshauser and loses puck.
4:25 of 3rd period - Minor Penalty to Tommy Cross for Holding.
4:26 of 3rd period - Chris Tierney wins face-off versus Teemu Pulkkinen in Condors zone.
4:39 of 3rd period - Wrist shot by Stephane Veilleux.
4:39 of 3rd period - Deflect By Chris Tierney.
4:39 of 3rd period - Goal by Chris Tierney - Condors : 1 - Heat : 2.
4:40 of 3rd period - Kris Newbury wins face-off versus Chris Tierney in neutral zone.
4:43 of 3rd period - Stephane Veilleux is hit by Anthony Bitetto and loses puck.
5:20 of 3rd period - Michael Chaput is hit by Matt Ellis and loses puck.
5:31 of 3rd period - Snap shot by Andre Burakovsky.
5:31 of 3rd period - Shot Misses the Net.
6:28 of 3rd period - Ryan Stanton is hit by Michael Ferland and loses puck.
6:51 of 3rd period - Minor Penalty to Reid Boucher for Holding.
6:52 of 3rd period - Chris Tierney wins face-off versus Teemu Pulkkinen in Condors zone.
6:53 of 3rd period - Snap shot by Stephane Veilleux.
6:53 of 3rd period - Shot Misses the Net.
6:57 of 3rd period - Wrist shot by Chris Tierney.
6:57 of 3rd period - Shot Misses the Net.
6:59 of 3rd period - Slapshot by Chris Tierney.
6:59 of 3rd period - Goal by Chris Tierney - Condors : 1 - Heat : 3.
7:00 of 3rd period - Chris Tierney wins face-off versus Tyler Graovac in neutral zone.
7:29 of 3rd period - Snap shot by Chris Tierney.
7:29 of 3rd period - Shot Misses the Net.
8:02 of 3rd period - Snap shot by J.T. Miller.
8:02 of 3rd period - Stopped by Ray Emery without a rebound.
8:02 of 3rd period - Michael Chaput beats up Corey Potter.
8:02 of 3rd period - Penalty to Corey Potter for Fighting.
8:02 of 3rd period - Penalty to Michael Chaput for Fighting.
8:03 of 3rd period - Kris Newbury wins face-off versus J.T. Miller in Condors zone.
8:40 of 3rd period - Snap shot by J.T. Miller.
8:40 of 3rd period - Shot Misses the Net.
9:06 of 3rd period - Slapshot by Tyler Graovac.
9:06 of 3rd period - Stopped by Michael Leighton without a rebound.
9:07 of 3rd period - Bogdan Yakimov wins face-off versus Tyler Graovac in Heat zone.
9:07 of 3rd period - Bogdan Yakimov is hit by Tyler Graovac.
9:19 of 3rd period - Snap shot by Michael Ferland.
9:19 of 3rd period - Deflect By Bogdan Yakimov.
9:19 of 3rd period - Shot Blocked by John Negrin.
9:19 of 3rd period - Puck is out of play.
9:20 of 3rd period - Tyler Graovac wins face-off versus Bogdan Yakimov in Condors zone.
9:39 of 3rd period - Slapshot by Steven Kampfer.
9:39 of 3rd period - Shot Misses the Net.
10:19 of 3rd period - Ryan Stanton is hit by Tyler Pitlick and loses puck.
10:44 of 3rd period - Tyler Wotherspoon is hit by Kris Newbury and loses puck.
12:17 of 3rd period - Steven Kampfer is hit by Tyler Wotherspoon and loses puck.
12:27 of 3rd period - Icing by Tyler Wotherspoon.
12:28 of 3rd period - Tyler Graovac wins face-off versus Bogdan Yakimov in Heat zone.
13:00 of 3rd period - Snap shot by Tyler Graovac.
13:00 of 3rd period - Shot Misses the Net.
13:02 of 3rd period - Slapshot by Ryan Stanton.
13:02 of 3rd period - Stopped by Michael Leighton with a rebound.
13:04 of 3rd period - Snap shot by Steven Kampfer.
13:04 of 3rd period - Deflect By Bill Arnold.
13:04 of 3rd period - Stopped by Michael Leighton without a rebound.
13:05 of 3rd period - Chris Tierney wins face-off versus Bill Arnold in Heat zone.
14:25 of 3rd period - Off-side.
14:26 of 3rd period - Bill Arnold wins face-off versus Tyler Pitlick in neutral zone.
15:36 of 3rd period - Michael Chaput is hit by Michael Ferland and loses puck.
15:53 of 3rd period - Konrad Abeltshauser is hit by Steven Kampfer and loses puck.
16:48 of 3rd period - Ken Agostino is hit by Ryan Murphy.
17:19 of 3rd period - Wrist shot by Ryan Stanton.
17:19 of 3rd period - Shot Blocked by Chris Tierney.
17:33 of 3rd period - Michael Chaput is hit by Tyson Strachan and loses puck.
17:44 of 3rd period - J.T. Miller is hit by Michael Chaput and loses puck.
17:57 of 3rd period - Wrist shot by Andre Burakovsky.
17:57 of 3rd period - Shot Misses the Net.
18:05 of 3rd period - Snap shot by Teemu Pulkkinen.
18:05 of 3rd period - Stopped by Michael Leighton with a rebound.
18:17 of 3rd period - Johan Larsson is hit by Daniel New and loses puck.
18:22 of 3rd period - Slapshot by Ryan Stanton.
18:22 of 3rd period - Deflect By J.T. Miller.
18:22 of 3rd period - Stopped by Michael Leighton with a rebound.
18:24 of 3rd period - Backhand shot by Tommy Cross.
18:24 of 3rd period - Stopped by Michael Leighton with a rebound.
18:26 of 3rd period - Slapshot by Tommy Cross.
18:26 of 3rd period - Shot Blocked by Corey Potter.
18:58 of 3rd period - Wrist shot by Michael Ferland.
18:58 of 3rd period - Shot Misses the Net.
19:00 of 3rd period - Slapshot by Tyler Wotherspoon.
19:00 of 3rd period - Shot Misses the Net.
19:26 of 3rd period - Michael Chaput is hit by Lucas Lessio and loses puck.
19:33 of 3rd period - Steven Kampfer is hit by Tyson Strachan and loses puck.
19:53 of 3rd period - Michael Ferland is hit by Bill Arnold.
Goals for this period are 0 for Condors vs 2 for Heat.
Shots for this period are 11 for Condors vs 5 for Heat.